 Dungeon Crawl Stone Soup version 0.30.1-8-g117510f58f (webtiles) character file.

Game seed: 11617449286101509319

12 monsoonserge the Vexing (level 2, 17/20 HPs)
             Began as a Demonspawn Wanderer on Sept 23, 2023.
             Got out of the dungeon alive.
             The game lasted 00:02:00 (177 turns).

monsoonserge the Vexing (Demonspawn Wanderer)        Turns: 177, Time: 00:02:00

Health: 17/20      AC:  6    Str: 12    XL:     2   Next: 20%
Magic:  3/3        EV: 10    Int: 15    God:
Gold:   0          SH:  0    Dex: 10    Spells: 3/3 levels left

rFire   . . .        a - +0 club
rCold   . . .        (no shield)
rNeg    . . .        c - +0 scale mail
rPois   .            (no helmet)
rElec   .            (no cloak)
rCorr   .            (no gloves)
SInv    .            (no boots)
Will    .....        (no amulet) Stlth
                     (no ring)
HPRegen 0.23/turn    (no ring)
MPRegen 0.08/turn

%: no passive effects
@: no status effects
A: repulsion field 1
a: no special abilities


You escaped.
You visited 1 branch of the dungeon, and saw 1 of its levels.

Inventory:

Hand Weapons
 a - a +0 club (weapon)
Armour
 c - a +0 scale mail (worn)
Scrolls
 d - a scroll of identify {unknown}
Potions
 b - a potion of brilliance


   Skills:
 + Level 0.8 Fighting
 + Level 1.0 Armour
 + Level 1.0 Dodging
 + Level 1.0 Spellcasting
 + Level 2.0 Conjurations
 + Level 4.3 Hexes
 + Level 1.0 Evocations


You had 3 spell levels left.
You didn't know any spells.
Your spell library contained the following spells:

 Spells                   Type           Power      Damage    Failure   Level
 Slow                     Hex            52%        N/A       22%         1
 Kiss of Death            Conj/Necr      12%        2d6       65%         1
 Inner Flame              Hex/Fire       7%         N/A       85%         3
 Portal Projectile        Hex/Tloc       14%        N/A       85%         3
 Mephitic Cloud           Conj/Pois/Air  2%         N/A       97%         3


Dungeon Overview and Level Annotations

Branches:
Dungeon (1/15)

Altars:


Innate Abilities, Weirdness & Mutations

You are surrounded by a mild repulsion field. (EV +2)


Message History

The quokka barely misses you.
You hit the quokka but do no damage.
The quokka is almost dead.
The quokka barely misses you.
You hit the quokka.
You kill the quokka!
You miss the frilled lizard. Your punch misses the frilled lizard.
The frilled lizard barely misses you. The frilled lizard misses you.
You closely miss the frilled lizard. The frilled lizard barely misses you.
You hit the frilled lizard.
You kill the frilled lizard!
You hit the kobold.
The kobold is heavily wounded.
The kobold hits you but does no damage. The kobold completely misses you.
You closely miss the kobold.
The kobold is heavily wounded.
The kobold closely misses you.
You miss the kobold.
The kobold is moderately wounded.
The kobold barely misses you.
You closely miss the kobold.
The kobold is moderately wounded.
The kobold hits you with a +0 club. The kobold hits you but does no damage.
You hit the kobold but do no damage.
The kobold is moderately wounded.
The kobold barely misses you.
You closely miss the kobold.
The kobold is moderately wounded.
The kobold hits you but does no damage.
You hit the kobold.
You kill the kobold!
Items here: ) ††††††.
e - a +0 club You drop a +0 club.
Okay, then.
Okay, then.
Okay, then.
There is a staircase leading out of the dungeon here.
Are you sure you want to leave the Dungeon?
This will make you lose the game!
You have escaped!

(# .####.#
.###......#
.).........
.####.##### ## ...#
#.. .# .#.##
..##########.# .#..#
#.#........#.. .##.#
#.#.....##.#.##
.##.###.#.....#.@#..#
.....##.#..##.#.##..#
###...#.#..#>.#.....#
#.#...##.#.##.....#
#........#........#
#........##########
#....##...........
#....##........##.
#....###..........


There were no monsters in sight!

Vanquished Creatures
  A bat (D:1)
  An endoplasm (D:1)
  4 jackals (D:1)
  A kobold (D:1)
  A quokka (D:1)
  A frilled lizard (D:1)
  A rat (D:1)
10 creatures vanquished.

Notes
Turn   | Place    | Note
-------+----------+-------------------------------------------
     0 | D:1      | monsoonserge the Demonspawn Wanderer began the quest for
                  | the Orb.
     0 | D:1      | monsoonserge set off with the following items: a +0 club, a
                  | potion of brilliance, a +0 scale mail; and the following
                  | spells available to memorise: Slow, Kiss of Death, Inner
                  | Flame, Portal Projectile, Mephitic Cloud.
     0 | D:1      | Reached XP level 1. HP: 13/13 MP: 2/2
   103 | D:1      | Gained mutation: You are surrounded by a mild repulsion
                  | field. (EV +2) [demonic ancestry]
   103 | D:1      | Reached XP level 2. HP: 14/20 MP: 3/3
   177 | D:$      | Got out of the dungeon alive.

Illustrated notes

Levels and vault maps discovered:
D:1:      ebering_trefoil_twist, layout_basic, minmay_misc_feat_square

Action                     || total
---------------------------++-------
  Melee: Club              ||    83
    Use: Potion            ||     1
 Armour: Scale mail        ||    62
  Dodge: Dodged            ||    54
